 Dungeon Crawl Stone Soup version 0.29.1-4-g47bece8355 (webtiles) character file.

Game seed: 10499812890758584052

10 hawla the Gusty (level 2, -2/20 HPs)
             Began as a Meteoran Air Elementalist on Dec 10, 2022.
             Slain by an orc wizard
             ... wielding a +0 war axe
              (4 damage)
             ... on level 2 of the Dungeon.
             The game lasted 00:01:00 (167 turns).

hawla the Gusty (Meteoran Air Elementalist)          Turns: 167, Time: 00:01:00

Health: -2/20      AC:  2    Str:  9    XL:     2   Next: 47%
Magic:  1/6        EV: 12    Int: 16    God:
Gold:   4          SH:  0    Dex: 14    Spells: 5/6 levels left

rFire   . . .      SeeInvis .   d - +4 whip
rCold   . . .      Faith    .   (no shield)
rNeg    . . .      Spirit   .   a - +0 robe
rPois   .          Reflect  .   (no helmet)
rElec   .          Harm     .   (no cloak)
rCorr   .          Rampage  .   (no gloves)
Will    .....                   (no boots)
Stlth   +.........              (no amulet)
HPRegen 0.06/turn               (no ring)
MPRegen 0.10/turn               (no ring)

@: glowing
A: sense surroundings 1, otherworldly, glowing, explore regen
a: no special abilities


You were on level 2 of the Dungeon.
You visited 1 branch of the dungeon, and saw 2 of its levels.

You collected 4 gold pieces.

Inventory:

Hand Weapons
 d - a +4 whip (weapon)
Armour
 a - a +0 robe (worn)
Jewellery
 c - a ring of resist corrosion
Potions
 b - a potion of magic


   Skills:
 + Level 2.5 Dodging
 - Level 1.4 Stealth
 + Level 2.9 Spellcasting
 + Level 1.2 Conjurations
 + Level 4.1 Air Magic


You had 5 spell levels left.
You knew the following spells:

 Your Spells              Type           Power      Damage    Failure   Level
a - Shock                 Conj/Air       44%        1d5       6%          1

Your spell library contained the following spells:

 Spells                   Type           Power      Damage    Failure   Level
 Static Discharge         Conj/Air       11%        3-5/arc   10%         2
 Swiftness                Air            15%        N/A       10%         3
 Airstrike                Air            7%         2d(2-18)  32%         4


Dungeon Overview and Level Annotations

Branches:
Dungeon (2/15) Zot: 1031

Altars:


Innate Abilities, Weirdness & Mutations

You passively map a small area around you.
You are easily found by Zot.
You glow in the dark.
You regain HP and MP as you explore.


Message History

Aim: an orc wizard, wielding a +0 war axe and wearing a +0 robe (60% to hit)
The zap hits the orc wizard.
The orc wizard is moderately wounded.
Casting: Shock (safe; 6% risk of failure)
Confirm with . or Enter, or press ? or * to list all spells.
Aiming: Shock (safe; 6% risk of failure)
Press: ? - help, Shift-Dir - straight line, f/p - orc wizard
Aim: an orc wizard, wielding a +0 war axe and wearing a +0 robe (moderately wounded, 60% to hit)
The zap misses the orc wizard.
The orc wizard hits you with a +0 war axe.
Unknown command.
Casting: Shock (safe; 6% risk of failure)
Confirm with . or Enter, or press ? or * to list all spells.
Aiming: Shock (safe; 6% risk of failure)
Press: ? - help, Shift-Dir - straight line, f - orc, p - orc wizard
Aim: an orc, wielding a +0 dagger (moderately wounded, 68% to hit)
The zap misses the orc wizard.
The zap hits the orc.
You kill the orc!
The orc wizard misses you.
Unknown command.
Casting: Shock (safe; 6% risk of failure)
Confirm with . or Enter, or press ? or * to list all spells.
Aiming: Shock (safe; 6% risk of failure)
Press: ? - help, Shift-Dir - straight line The zap hits the orc wizard.
The orc wizard is heavily wounded.
The zap misses the orc wizard.
The zap misses the orc priest.
The orc wizard mumbles some strange words.
The orc wizard flickers and vanishes!
Deactivating autopickup; reactivate with Ctrl-A.
Casting: Shock (safe; 6% risk of failure)
Confirm with . or Enter, or press ? or * to list all spells.
Aiming: Shock (safe; 6% risk of failure)
Press: ? - help, Shift-Dir - straight line The zap hits something.
The zap misses the orc priest.
Something hits you!
Ouch! That really hurt!
* * * LOW HITPOINT WARNING * * *
Unknown command.
Something hits you.
You die...

** ### * *
,* #.., , ,
* , ,
...####.####
* * ** *
........o{.#
*
*#.####.##@#
* *, #!##.#
* ,* #o##.#
*, * #)##.#
, *#o##.# *
* *[..#.# ,
, .†.... , ,
*, , ,.....#
, ,


You could see an orc priest.

Vanquished Creatures
  3 orcs
  A ball python (D:2)
  A goblin (D:1)
  A frilled lizard (D:1)
  A rat (D:1)
7 creatures vanquished.

Notes
Turn   | Place    | Note
-------+----------+-------------------------------------------
     0 | D:1      | hawla the Meteoran Air Elementalist began the quest for the
                  | Orb.
     0 | D:1      | Reached XP level 1. HP: 14/14 MP: 5/5
    99 | D:2      | Noticed an orc priest
   102 | D:2      | Noticed an orc wizard
   103 | D:2      | Reached XP level 2. HP: 20/20 MP: 2/6
   105 | D:2      | Reached skill level 4 in Air Magic
   167 | D:2      | Slain by an orc wizard

Illustrated notes

Levels and vault maps discovered:
D:1:      lightli_arrival_farm, layout_loops_ring,
          chequers_ecumenical_altar_simple, serial_shops,
          nicolae_shop_waterfront
D:2:      minmay_evil_eye, layout_loops_ring, basic_altar, serial_glass,
          glass_columns_c, glass_columns_b, glass_columns_a, glass_columns_a,
          feat_on_display, due_unseen_surprise, item_on_display_a,
          item_on_display_a

Skill      XL: |  1  2 |
---------------+-------+-----
Air Magic      | 4 |  4.1
Dodging        | |  2.5
Stealth        | |  1.4
Spellcasting   | |  2.9
Conjurations   | |  1.2

Action                   || total
-------------------------++-------
Melee: Unarmed           ||     1
 Cast: Shock             ||    13
Dodge: Dodged            ||     1
